2892 views
Uploaded 2020-02-08 03:43:27
Game version 1.32 / 1.32.1
10:40 long 1on1 ladder game on (2)Amazonia
Saved by BEARAND
2892 views
Uploaded 2020-02-08 03:43:27
Game version 1.32 / 1.32.1
10:40 long 1on1 ladder game on (2)Amazonia

16 units @ 1.5k
/ 0.1k
36 buildings @ 2.1k
/ 1k


| Scroll of Regeneration | 2 | 200 |
| Potion of Mana | 1 | 200 |
| Potion of Healing | 2 | 300 |
| Lesser Clarity Potion | 1 | 70 |
| Staff of Teleportation | 1 | 150 |
| Boots of Speed | 1 | 250 |
| total: | 8 | 1170g |
| Peasant | 15 | 1125 | / | 0 |
| Goblin Shredder | 1 | 375 | / | 100 |
| total: | 16 | 1500g | / | 100w |
| Scout Tower | 27 | 810 | / | 540 |
| Arcane Tower | 2 | 140 | / | 100 |
| Guard Tower | 13 | 910 | / | 650 |
| Altar of Kings | 1 | 180 | / | 50 |
| Farm | 4 | 320 | / | 80 |
| Lumber Mill | 1 | 120 | / | 0 |
| Arcane Vault | 1 | 130 | / | 30 |
| Town Hall | 1 | 385 | / | 205 |
| Arcane Sanctum | 1 | 150 | / | 140 |
| Keep | 1 | 320 | / | 210 |
| total: | 36 | 2095g | / | 1045w |
| 0:01 | Peasant |
| 0:01 | Peasant |
| 0:08 | Altar of Kings |
| 0:15 | Peasant |
| 0:17 | Farm |
| 0:19 | Peasant |
| 0:24 | Peasant |
| 0:30 | Scout Tower |
| 0:32 | Peasant |
| 0:44 | Farm |
| 0:49 | Peasant |
| 1:03 | Lumber Mill |
| 1:06 | Peasant |
| 1:15 | Peasant |
| 1:20 | Peasant |
| 1:26 | Scout Tower |
| 1:29 | Scout Tower |
| 1:36 | Arcane Tower |
| 1:37 | Scout Tower |
| 1:39 | Peasant |
| 1:41 | Peasant |
| 1:54 | Peasant |
| 2:01 | Scout Tower |
| 2:05 | Blizzard |
| 2:22 | Guard Tower |
| 2:27 | Arcane Vault |
| 3:12 | Peasant |
| 3:12 | Peasant |
| 3:20 | Guard Tower |
| 3:54 | Brilliance Aura |
| 4:03 | Scroll of Regeneration |
| 4:08 | Keep |
| 4:10 | Scout Tower |
| 4:11 | Scout Tower |
| 4:12 | Scout Tower |
| 4:12 | Scout Tower |
| 4:41 | Guard Tower |
| 4:43 | Farm |
| 4:44 | Farm |
| 4:45 | Improved Masonry |
| 4:53 | Staff of Teleportation |
| 4:53 | Boots of Speed |
| 5:05 | Guard Tower |
| 5:34 | Guard Tower |
| 5:40 | Scout Tower |
| 5:40 | Scout Tower |
| 5:41 | Scout Tower |
| 5:41 | Scout Tower |
| 5:42 | Scout Tower |
| 5:43 | Scout Tower |
| 5:44 | Scout Tower |
| 5:44 | Scout Tower |
| 6:37 | Blizzard |
| 7:03 | Scroll of Regeneration |
| 7:07 | Guard Tower |
| 7:13 | Arcane Sanctum |
| 7:14 | Advanced Masonry |
| 7:15 | Improved Lumber Harvesting |
| 7:19 | Guard Tower |
| 7:20 | Guard Tower |
| 7:45 | Storm Bolt |
| 7:51 | Goblin Shredder |
| 8:39 | Town Hall |
| 8:42 | Scout Tower |
| 8:43 | Scout Tower |
| 8:43 | Scout Tower |
| 8:44 | Scout Tower |
| 8:44 | Scout Tower |
| 8:44 | Scout Tower |
| 8:45 | Scout Tower |
| 8:45 | Scout Tower |
| 8:46 | Scout Tower |
| 8:46 | Scout Tower |
| 9:07 | Bash |
| 9:20 | Guard Tower |
| 9:20 | Arcane Tower |
| 9:21 | Guard Tower |
| 9:49 | Guard Tower |
| 9:59 | Potion of Mana |
| 10:00 | Potion of Healing |
| 10:00 | Potion of Healing |
| 10:37 | Lesser Clarity Potion |
| Right click | 1099 |
| Select | 260 |
| Select group | 108 |
| Build/train/purchase | 88 |
| Chat | 38 |
| Use ability | 22 |
| Assign group | 17 |
| Misc. action | 9 |
| Item give/drop | 2 |
| Remove unit | 1 |
19 units @ 2.8k
/ 0.3k
15 buildings @ 1.8k
/ 0.6k

| Scroll of Regeneration | 4 | 400 |
| Lesser Clarity Potion | 3 | 210 |
| Scroll of Town Portal | 1 | 350 |
| total: | 8 | 960g |
| Peasant | 10 | 750 | / | 0 |
| Rifleman | 8 | 1640 | / | 240 |
| Goblin Shredder | 1 | 375 | / | 100 |
| total: | 19 | 2765g | / | 340w |
| Scout Tower | 2 | 60 | / | 40 |
| Arcane Tower | 2 | 140 | / | 100 |
| Altar of Kings | 1 | 180 | / | 50 |
| Farm | 6 | 480 | / | 120 |
| Blacksmith | 1 | 140 | / | 60 |
| Barracks | 2 | 320 | / | 120 |
| Arcane Vault | 1 | 130 | / | 30 |
| Lumber Mill | 1 | 120 | / | 0 |
| Town Hall | 1 | 385 | / | 205 |
| Keep | 1 | 320 | / | 210 |
| Castle | 1 | 360 | / | 210 |
| total: | 15 | 1815g | / | 625w |
| 0:03 | Peasant |
| 0:03 | Peasant |
| 0:15 | Peasant |
| 0:19 | Altar of Kings |
| 0:34 | Farm |
| 0:36 | Peasant |
| 0:36 | Peasant |
| 0:36 | Peasant |
| 0:37 | Peasant |
| 0:42 | Peasant |
| 0:53 | Peasant |
| 1:26 | Blacksmith |
| 1:35 | Barracks |
| 1:44 | Peasant |
| 1:50 | Barracks |
| 1:53 | Farm |
| 2:05 | Farm |
| 2:21 | Farm |
| 2:42 | Rifleman |
| 2:54 | Rifleman |
| 3:04 | Arcane Vault |
| 3:20 | Rifleman |
| 3:31 | Storm Bolt |
| 3:40 | Rifleman |
| 3:59 | Rifleman |
| 4:11 | Farm |
| 4:15 | Farm |
| 4:25 | Scroll of Regeneration |
| 4:33 | Black Gunpowder |
| 4:54 | Bash |
| 5:08 | Rifleman |
| 5:11 | Rifleman |
| 5:37 | Studded Leather Armor |
| 5:56 | Keep |
| 6:05 | Scroll of Regeneration |
| 6:10 | Lesser Clarity Potion |
| 6:36 | Rifleman |
| 7:18 | Scout Tower |
| 7:22 | Scout Tower |
| 7:30 | Lumber Mill |
| 7:50 | Arcane Tower |
| 7:52 | Arcane Tower |
| 7:59 | Scroll of Regeneration |
| 7:59 | Scroll of Regeneration |
| 8:21 | Lesser Clarity Potion |
| 8:22 | Lesser Clarity Potion |
| 8:50 | Goblin Shredder |
| 9:05 | Town Hall |
| 9:12 | Storm Bolt |
| 9:15 | Scroll of Town Portal |
| 10:32 | Castle |
| Select | 124 |
| Right click | 68 |
| Build/train/purchase | 42 |
| Misc. action | 25 |
| Use ability | 7 |
| Chat | 7 |
| Item give/drop | 1 |
โ